 Dungeon Crawl Stone Soup version 0.17-a0-2118-g63bad21 (webtiles) character file.

881 Duffy the Cleaver (level 8, -7/67 HPs)
             Began as a Hill Orc Fire Elementalist on Oct 20, 2015.
             Mangled by an orc warrior
             ... wielding a +0 battleaxe
              (22 damage)
             ... on level 6 of the Dungeon.
             The game lasted 00:09:09 (7643 turns).

Duffy the Cleaver (Hill Orc Fire Elementalist)      Turns: 7643, Time: 00:09:10

Health: -7/67      AC:  8    Str: 11      XL:     8   Next: 5%
Magic:  10/10      EV:  9    Int: 15      God:
Gold:   318        SH:  0    Dex: 12 (13) Spells: 2 memorised, 6 levels left

rFire  + . .     SeeInvis .     y - +0 war axe
rCold  . . .     Clarity  .     w - +0 scale mail
rNeg   . . .     SustAt   .     (no shield)
rPois  .         Gourm    .     (no helmet)
rElec  .         Spirit   .     m - +0 cloak
rCorr  .         Warding  .     (no gloves)
rMut   +         Stasis   .     z - +0 pair of boots
MR     .....                    q - amulet of resist mutation
Stlth  ..........               (no ring)
                                e - ring of protection from fire

@: not resistant to hostile enchantments, extremely unstealthy
A: no striking features
a: Convert to Beogh


You were on level 6 of the Dungeon.
You were not hungry.

You visited 1 branch of the dungeon, and saw 7 of its levels.

You collected 318 gold pieces.


   Skills:
 * Level 4.3 Fighting
 * Level 9.4 Axes
 + Level 2.3 Armour
 - Level 1.5 Dodging
 - Level 1.5 Stealth
 - Level 1.5 Spellcasting
 - Level 2.0 Conjurations
 - Level 3.2 Fire Magic


You had 6 spell levels left.
You knew the following spells:

 Your Spells              Type           Power        Failure   Level  Hunger
a - Flame Tongue          Conj/Fire      #....        45%         1    ##.....
c - Conjure Flame         Conj/Fire      #.......     96%         3    ####...

Inventory:

Hand Weapons
 d - a +0 hand axe
 y - a +0 war axe (weapon)
Missiles
 g - 130 stones (quivered)
 A - 10 tomahawks
Armour
 m - a +0 cloak (worn)
 r - a +0 ring mail
 w - a +0 scale mail (worn)
 z - a +0 pair of boots (worn)
Jewellery
 e - a ring of protection from fire (left hand)
 q - an amulet of resist mutation (around neck)
 u - an uncursed ring of stealth {unknown}
Wands
 B - a wand of cold (8)
 E - a wand of fireball (11)
 F - a wand of slowing (31)
Scrolls
 a - a scroll of recharging {unknown}
 i - 2 scrolls of amnesia {unknown}
 j - 2 scrolls of enchant weapon {unknown}
 k - 3 scrolls of teleportation
 n - a scroll of blinking {unknown}
 p - 2 scrolls of magic mapping
 s - 3 scrolls of remove curse {unknown}
 x - 4 scrolls of noise {unknown}
Potions
 l - 2 potions of resistance
 o - 7 potions of curing
 v - a potion of brilliance
 C - a potion of flight {unknown}
 D - a potion of haste {unknown}
 G - a potion of agility {unknown}
 I - a potion of mutation {unknown}
Books
 b - a book of Flames
Comestibles
 c - 7 bread rations
 f - a royal jelly
 h - 4 meat rations

Dungeon Overview and Level Annotations

Branches:
Dungeon (7/15)
 Temple: D:4-7

Altars:
Gozag
Kikubaaqudgha
Nemelex Xobeh
Ru
Vehumet
Zin

Annotations:
D:5 Menkaure


Message History

The worker ant is severely wounded.
The worker ant barely misses you.
Your scale mail prevents you from hitting the worker ant.
The worker ant is severely wounded.
The worker ant bites you but does no damage.
The worker ant closely misses you.
You hit the worker ant.
You kill the worker ant!
The orc priest shouts!
The orc priest mumbles some strange prayers to Beogh against you.
Something smites you!
You hit the orc warrior but do no damage.
The orc warrior misses you.
You hit the orc warrior but do no damage.
The orc warrior hits you with a battleaxe!
You closely miss the orc warrior.
The orc warrior hits you with a battleaxe!!
You are too injured to fight recklessly!
You are too injured to fight recklessly!
You are too injured to fight recklessly!
Drink which item? (? for menu, Esc to quit)
You feel much better.
The orc warrior hits you with a battleaxe!
The orc priest barely misses you.
You are too injured to fight recklessly!
You hit the orc priest.
The orc priest is moderately wounded.
You closely miss the orc warrior.
The orc warrior hits you with a battleaxe!
The orc priest shouts, "Join the one true god or die!"
You hit the orc priest but do no damage.
The orc priest is moderately wounded.
You completely miss the orc warrior. The orc priest closely misses you.
The orc warrior hits you with a battleaxe!!
You die...

.#...####.# ########
###### #.# ##......##
.# #.###........## .##
#.............# ..#
###...........# #.#
##.....:....#
#.##########..........#
......................#
####.########...@....##
...#..## #...oo.....#
##.o.o.# #..........#
#####.### #..........#
#...###.......<..#
#.#l..#.%........#
#.###o##........## #..
#.o##......## ##.
##o..........


You could see an orc warrior and an orc priest.

Action                   |  1- 3 |  4- 6 |  7- 9 || total
-------------------------+-------+-------+-------++-------
Melee: Hand axe          |   110 |    62 |       ||   172
       War axe           |       |   117 |   146 ||   263
 Cast: Flame Tongue      |    32 |    32 |     5 ||    69
  Use: Scroll            |       |     1 |     5 ||     6
       Potion            |       |       |     1 ||     1
 Stab: Sleeping          |     2 |       |       ||     2
  Eat: Chunk             |     6 |     7 |     1 ||    14
       Meat ration       |       |     1 |     1 ||     2

Notes
Turn   | Place    | Note
--------------------------------------------------------------
     0 | D:1      | Duffy the Hill Orc Fire Elementalist began the quest for the Orb.
     0 | D:1      | Reached XP level 1. HP: 14/14 MP: 3/3
   250 | D:1      | Reached skill level 1 in Axes
   328 | D:1      | Reached XP level 2. HP: 15/20 MP: 4/4
   898 | D:1      | Reached skill level 2 in Conjurations
   965 | D:1      | Reached skill level 2 in Axes
  1313 | D:1      | Reached XP level 3. HP: 24/26 MP: 5/5
  1817 | D:2      | Learned a level 3 spell: Conjure Flame
  1894 | D:2      | Reached skill level 3 in Axes
  2538 | D:3      | Noticed Duffy's ghost (weakling HOFE)
  2754 | D:3      | Killed Duffy's ghost
  2754 | D:3      | Reached skill level 4 in Axes
  2754 | D:3      | Reached XP level 4. HP: 8/33 MP: 1/6
  3022 | D:3      | Reached skill level 5 in Axes
  3022 | D:3      | Reached XP level 5. HP: 31/38 MP: 2/7
  3357 | D:3      | Found an ancient bone altar of Kikubaaqudgha.
  3358 | D:3      | Found a radiant altar of Vehumet.
  4000 | D:3      | Reached skill level 6 in Axes
  4405 | D:4      | Found a glowing silver altar of Zin.
  4658 | D:4      | Reached skill level 7 in Axes
  4658 | D:4      | Reached XP level 6. HP: 40/45 MP: 8/8
  5129 | D:4      | Found a sparkling altar of Nemelex Xobeh.
  5291 | D:4      | Reached skill level 8 in Axes
  5687 | D:4      | Found a sacrificial altar of Ru.
  5978 | D:5      | Entered Level 5 of the Dungeon
  5987 | D:5      | Reached skill level 1 in Fighting
  6081 | D:5      | Noticed Menkaure
  6362 | D:5      | Reached XP level 7. HP: 47/52 MP: 9/9
  6602 | D:5      | Reached skill level 2 in Fighting
  6602 | D:5      | Reached skill level 1 in Armour
  6704 | D:5      | Found an opulent altar of Gozag.
  6787 | D:6      | Reached skill level 3 in Fighting
  6860 | D:6      | Reached skill level 9 in Axes
  7297 | D:6      | Reached skill level 4 in Fighting
  7297 | D:6      | Reached skill level 2 in Armour
  7426 | D:6      | Reached XP level 8. HP: 34/66 MP: 10/10
  7643 | D:6      | Mangled by an orc warrior

Vault maps used:
D:1:      tarquinn_simple_flora_water_b
D:2:      serial_bayou_crossing
D:3:      gammafunk_temple_overflow_pools, first_bread
D:4:      nicolae_ru_path_of_blood, kennysheep_little_box,
          nemelex_diamond_rough_becter
D:5:      grunt_gozag_statues, minmay_tree_intersection, serial_park_tiny_2,
          uniq_menkaure
D:7:      lemuel_insect_pit, grunt_temple_overflow_open

Vanquished Creatures
  An ice beast
  2 giant frogs
  The ghost of Duffy the Firebug, a weakling HOFE
  A crimson imp
  A quasit
  A giant frog skeleton
  A jelly
  An orc priest
  3 hounds
  5 orc wizards
  3 worker ants
  A hound skeleton
  A worker ant zombie
  6 adders
  A shadow imp
  An ooze
  A giant gecko
  26 orcs
  2 ball pythons
  6 bats
  5 hobgoblins
  7 kobolds
  A quokka
  5 giant cockroaches
  A giant gecko skeleton
  3 giant newts
  11 goblins
  3 jackals
  A quokka zombie
  7 rats
109 creatures vanquished.
